Map: Dusty Gorge

Players

BiGBuLLY

  • Race: Zerg Zerg
  • League: Master
  • Spawn Location: 11:00

isaac

  • Race: Zerg Zerg
  • League: Diamond
  • Spawn Location: 9:00

OldSnake - Winner!

  • Race: Terran Terran
  • League: Diamond
  • Spawn Location: 5:00

Adversity - Winner!

  • Race: Terran Terran
  • Spawn Location: 3:00

VOD

Have the link to the VOD?

Description

Time

  • Played on: July 12, 2018, 7:09 p.m.
  • Length: 11:19
Show
View Real Time Build Order
Export as new Build Order

BiGBuLLY Zerg 

Build Orders: Hatch First 

Get SALT Encoding   

  12  0:02  Drone  
  13  0:12  Overlord  
  13  0:18  Drone  
  14  0:31  Drone x2  
  14  0:35  Drone  
  17  0:54  Hatchery  
  16  0:57  Drone  
  16  1:00  Drone  
  18  1:13  Spawning Pool  
  18  1:16  Drone  
  18  1:20  Extractor  
  18  1:22  Drone  
  18  1:30  Drone  
  19  1:40  Overlord  
  19  2:02  Zergling x4  
  19  2:03  Queen  
  19  2:08  Queen  
  23  2:10  Drone  
  23  2:15  Drone  
  27  2:18  Drone  
  28  2:27  Drone  
  28  2:28  Drone  
  29  2:54  Roach Warren  
  29  2:55  Overlord  
  29  2:57  Drone x4  
  32  3:21  Overlord x2  
  32  3:24  Extractor  
  31  3:32  Lair  
  31  3:34  Roach  
  31  3:35  Roach x5  
  43  4:01  Drone  
  43  4:02  Drone x6  
  50  4:13  Overlord  
  50  4:15  Hatchery  
  48  4:33  Roach  
  48  4:34  Roach x7  
  48  4:36  Glial Reconstitution  
  64  4:42  Evolution Chamber  
  63  4:49  Spore Crawler  
  63  4:50  Spore Crawler  
  61  4:56  Spore Crawler  
  60  5:00  Overlord x2  
  60  5:04  Overseer  
  63  5:09  Zerg Ground Armor Level 1  
  63  5:11  Drone x5  
  68  5:26  Drone  
  68  5:27  Drone  
  70  5:28  Queen  
  70  5:33  Drone  
  70  5:35  Drone x3, Extractor  
  75  5:44  Drone  
  75  5:45  Drone x6  
  82  6:01  Overlord x3  
  82  6:09  Roach x4  
  90  6:19  Roach x3, Queen  
  90  6:20  Roach x2  
  102  6:30  Overlord  
  102  6:31  Overlord x3  
  100  6:47  Roach  
  100  6:48  Roach x6  
  110  7:04  Roach x6  
  116  7:29  Hatchery  
  113  7:39  Queen, Zerg Ground Armor Level 2  
  113  7:42  Overlord x4  
  115  7:45  Queen  
  97  7:59  Roach x9  
  112  8:41  Hatchery  
  111  8:55  Roach x10  
  131  8:56  Roach x5  
  141  9:06  Overlord x2  
  127  9:24  Roach x8  
  123  9:28  Ravager x3  
  140  9:31  Overseer  
  140  9:36  Overlord  
  140  9:37  Overlord  
  134  10:05  Roach  
  134  10:06  Roach x10  
  124  10:27  Roach  
  124  10:28  Roach x3  
  128  10:34  Evolution Chamber  
  109  10:56  Hatchery  
Show
View Real Time Build Order
Export as new Build Order

isaac Zerg 

Build Orders: Pool First, Lurkers 

Get SALT Encoding   

  12  0:01  Drone  
  13  0:13  Overlord  
  13  0:18  Drone  
  14  0:31  Drone  
  14  0:32  Drone  
  16  0:36  Drone  
  17  0:48  Extractor  
  16  0:50  Spawning Pool  
  16  0:52  Drone  
  16  1:00  Drone  
  17  1:07  Drone  
  18  1:18  Drone  
  19  1:28  Hatchery  
  18  1:35  Drone  
  19  1:42  Queen  
  21  1:50  Metabolic Boost  
  21  1:54  Zergling x2  
  21  1:58  Overlord  
  22  2:09  Overlord  
  22  2:20  Queen  
  22  2:21  Drone  
  22  2:22  Drone  
  26  2:36  Drone  
  26  2:40  Queen  
  26  2:41  Zergling x2  
  29  2:46  Drone  
  29  2:50  Drone x3  
  34  2:51  Drone  
  34  2:56  Spine Crawler  
  33  3:06  Queen, Zergling x2  
  36  3:19  Queen  
  38  3:20  Overlord  
  38  3:25  Drone x2  
  40  3:46  Drone x2  
  40  3:47  Drone x4  
  46  3:50  Drone x3  
  49  4:00  Lair  
  49  4:01  Drone  
  49  4:02  Drone  
  49  4:13  Spine Crawler  
  49  4:14  Spine Crawler  
  47  4:21  Drone x2  
  47  4:22  Drone x3  
  47  4:24  Spore Crawler  
  51  4:28  Spore Crawler  
  51  4:29  Overlord  
  51  4:30  Overlord  
  50  4:52  Drone x2  
  52  4:53  Drone  
  52  4:54  Extractor  
  52  4:55  Drone, Extractor  
  52  4:56  Drone x2, Extractor  
  53  5:04  Overseer  
  53  5:15  Evolution Chamber  
  53  5:16  Evolution Chamber, Hatchery  
  53  5:17  Baneling Nest  
  49  5:28  Hydralisk Den  
  45  5:38  Drone x3  
  48  5:43  Zergling x6  
  48  5:44  Zergling x8  
  55  5:52  Drone x2  
  55  5:53  Drone  
  58  5:57  Hydralisk Den  
  58  6:01  Drone  
  58  6:03  Hatchery  
  58  6:04  Lurker Den  
  58  6:05  Drone  
  58  6:06  Drone  
  59  6:13  Centrifical Hooks  
  59  6:14  Drone x2  
  61  6:26  Drone, Baneling x5  
  61  6:27  Drone x3  
  61  6:28  Drone  
  66  6:35  Hydralisk x2  
  66  6:38  Hydralisk  
  72  6:41  Drone  
  72  6:43  Drone  
  74  6:47  Overlord, Extractor  
  74  6:48  Extractor  
  74  6:49  Hatchery  
  71  7:02  Zerg Missile Weapons Level 1, Zerg Ground Armor Level 1  
  71  7:06  Spine Crawler  
  71  7:07  Spine Crawler  
  69  7:12  Zergling x2  
  69  7:13  Zergling x12  
  76  7:35  Drone x3  
  76  7:36  Drone x3  
  83  7:37  Drone x6  
  88  7:47  Grooved Spines  
  88  7:53  Baneling x4  
  88  7:54  Baneling x6  
  88  7:55  Baneling  
  88  7:58  Overlord x2  
  88  7:59  Overlord x3  
  88  8:19  Hydralisk x5, Baneling x3  
  94  8:20  Zergling x2  
  94  8:22  Zergling x6  
  94  8:24  Zergling x2  
  103  8:27  Lurker x2  
  103  8:28  Lurker  
  103  8:29  Hydralisk  
  103  8:32  Hydralisk  
  110  8:34  Hydralisk  
  110  8:47  Hydralisk  
  110  8:48  Hydralisk x4  
  109  9:11  Hydralisk  
  109  9:16  Hydralisk x2  
  109  9:17  Hydralisk x3  
  115  9:25  Hydralisk x2  
  115  9:26  Hydralisk  
  121  9:33  Hydralisk x2  
  125  9:38  Drone  
  125  9:39  Drone x3  
  129  9:58  Hydralisk x2  
  133  10:00  Overlord x2  
  133  10:11  Lurker  
  122  10:32  Hydralisk, Zergling x2  
  122  10:33  Hydralisk x10  
  115  10:37  Overlord  
  115  10:42  Overseer  
  113  10:48  Drone x5  
  113  10:49  Drone  
  119  10:51  Infestation Pit  
  119  10:53  Baneling x2  
  119  10:54  Lurker, Zergling x4  
  119  10:56  Lurker  
Show
View Real Time Build Order
Export as new Build Order

OldSnake Terran - Winner!

Build Orders: Mech, Banshee Rush 

Get SALT Encoding   

  12  0:01  SCV  
  13  0:13  SCV  
  14  0:18  Supply Depot  
  14  0:25  SCV  
  15  0:29  Refinery  
  15  0:40  SCV  
  16  0:47  Barracks  
  16  0:52  SCV  
  17  1:04  SCV  
  18  1:16  SCV  
  19  1:28  SCV  
  20  1:35  Supply Depot, Reaper  
  21  1:48  Command Center  
  21  1:52  SCV  
  22  2:01  Factory  
  22  2:04  SCV  
  23  2:09  Barracks Reactor  
  23  2:16  Refinery  
  23  2:17  SCV  
  24  2:29  SCV  
  25  2:41  SCV  
  26  2:47  Factory  
  26  2:54  Orbital Command  
  26  2:59  Hellion  
  26  3:00  Barracks Tech Lab  
  26  3:02  SCV  
  30  3:20  Starport  
  30  3:24  Hellion x2  
  32  3:29  SCV  
  32  3:32  Orbital Command  
  33  3:36  Barracks Tech Lab  
  33  3:44  SCV  
  33  3:47  Hellion x2  
  38  3:57  Banshee  
  38  3:58  Cloaking Field  
  41  4:05  SCV  
  41  4:08  SCV  
  43  4:14  Cyclone  
  46  4:21  Supply Depot  
  46  4:30  Supply Depot  
  46  4:32  SCV x2  
  46  4:42  Marine  
  46  4:43  Siege Tank  
  46  4:44  SCV  
  51  4:49  Command Center  
  54  5:00  SCV  
  54  5:01  SCV  
  56  5:11  Cyclone x2  
  56  5:12  SCV  
  56  5:13  SCV  
  61  5:17  Refinery  
  61  5:24  SCV  
  62  5:42  Supply Depot x2  
  62  5:45  Armory  
  62  6:01  SCV x2, Banshee  
  67  6:05  Refinery  
  66  6:11  Siege Tank  
  66  6:13  SCV x2  
  71  6:25  Cyclone, SCV x2  
  76  6:37  SCV x2  
  78  6:43  Siege Tank  
  81  6:48  SCV, Command Center  
  81  6:49  SCV x2  
  84  7:00  Factory, SCV  
  85  7:01  SCV  
  85  7:05  SCV  
  87  7:08  Supply Depot  
  87  7:10  Cyclone, Barracks Tech Lab  
  87  7:12  SCV  
  87  7:14  Hellion  
  93  7:22  SCV  
  93  7:32  Supply Depot  
  93  7:33  Supply Depot  
  93  7:37  Supply Depot x2  
  93  7:38  Terran Vehicle Weapons Level 1, Supply Depot  
  93  7:41  Infernal Pre-Igniter  
  93  7:45  Factory  
  93  7:53  SCV x2, Siege Tank  
  93  7:54  Hellion  
  100  7:59  SCV  
  100  8:00  Banshee  
  100  8:01  Hellion x5  
  100  8:02  Refinery  
  100  8:04  Refinery  
  104  8:05  SCV x2  
  104  8:11  SCV  
  107  8:17  Hellion  
  107  8:18  Hellion, SCV x2  
  113  8:23  SCV  
  113  8:25  Siege Tank  
  117  8:30  SCV x2  
  119  8:34  Siege Tank  
  119  8:35  SCV  
  119  8:39  Factory Tech Lab  
  121  8:42  SCV x2  
  121  8:47  SCV  
  118  8:54  SCV x2  
  116  8:58  Siege Tank x2  
  116  8:59  SCV  
  123  9:04  Engineering Bay  
  123  9:06  SCV x2  
  123  9:07  Siege Tank  
  123  9:09  Hellion x2  
  132  9:12  Starport  
  132  9:30  Hellion, Siege Tank  
  132  9:31  Hellion x2  
  141  9:39  Siege Tank  
  141  9:40  Command Center  
  144  9:51  Hellion  
  144  9:52  Hellion  
  148  9:55  Supply Depot x2  
  148  9:56  Supply Depot x2  
  148  10:17  Hellion x5  
  118  10:42  Siege Tank  
  118  10:43  Hellion, Siege Tank x2  
  118  10:44  Hellion  
  118  10:46  Factory  
  128  10:50  Starport Tech Lab  
  128  11:09  Armory  
Show
View Real Time Build Order
Export as new Build Order

Adversity Terran - Winner!

Build Orders: Gas First Reaper Expand 

Get SALT Encoding   

  12  0:02  SCV  
  13  0:14  SCV  
  14  0:21  Supply Depot  
  14  0:26  SCV  
  15  0:34  Refinery  
  15  0:43  SCV  
  15  0:49  Barracks  
  16  0:55  SCV  
  17  1:07  SCV  
  18  1:19  SCV  
  19  1:36  Orbital Command  
  19  1:37  Reaper  
  20  1:50  Command Center  
  20  1:59  Factory  
  20  2:01  SCV  
  21  2:13  Barracks Reactor  
  21  2:16  SCV  
  21  2:17  Supply Depot  
  22  2:28  SCV  
  23  2:41  SCV  
  24  2:54  SCV  
  25  2:58  Barracks Tech Lab  
  25  3:00  Hellion x2  
  25  3:03  Command Center  
  29  3:08  Orbital Command  
  29  3:18  Stimpack  
  29  3:21  SCV  
  29  3:26  Hellion x2  
  34  3:33  SCV  
  34  3:34  Marine  
  35  3:35  SCV  
  37  3:51  SCV  
  37  3:52  SCV  
  37  3:54  Marine  
  37  3:55  Barracks x2  
  40  3:56  Factory Reactor  
  40  4:03  Refinery  
  40  4:04  SCV x2  
  42  4:13  Marine  
  42  4:15  Orbital Command  
  42  4:16  SCV  
  44  4:17  SCV  
  43  4:25  Engineering Bay  
  43  4:26  Engineering Bay  
  43  4:28  SCV  
  44  4:35  Marine  
  45  4:39  SCV  
  45  4:40  Starport, SCV  
  45  4:42  Marine  
  45  4:43  Marine  
  49  4:48  SCV  
  49  4:49  Factory Reactor  
  49  4:51  SCV  
  51  4:54  Marine x3  
  51  4:58  SCV  
  54  5:00  Terran Infantry Armor Level 1, Terran Infantry Weapons Level 1  
  54  5:02  SCV  
  54  5:04  SCV  
  54  5:05  Marine  
  54  5:06  Marine  
  56  5:16  Barracks, SCV x2  
  56  5:18  Barracks  
  56  5:20  SCV  
  59  5:23  Supply Depot  
  59  5:25  Orbital Command  
  59  5:29  Refinery  
  59  5:30  Refinery  
  59  5:31  Supply Depot  
  59  5:33  SCV  
  59  5:34  SCV  
  61  5:44  Medivac x2  
  61  5:45  SCV  
  61  5:46  SCV  
  61  5:48  Marine x2  
  69  5:53  Supply Depot, Marine x3  
  69  5:55  Supply Depot  
  69  5:56  SCV  
  73  5:58  SCV x2  
  73  6:03  Combat Shield  
  75  6:06  Barracks Tech Lab x2  
  75  6:10  Supply Depot x2  
  75  6:12  SCV x2  
  75  6:15  SCV  
  78  6:21  Armory  
  78  6:27  Marine  
  78  6:28  Marine x2  
  78  6:31  Marine, Marauder x3  
  78  6:32  Concussive Shells  
  88  6:35  SCV x3  
  88  6:39  Supply Depot  
  91  6:42  Supply Depot  
  91  6:49  SCV x2  
  91  6:50  SCV  
  91  6:54  Medivac x2  
  96  6:58  Barracks  
  96  7:00  Barracks  
  98  7:01  Barracks  
  98  7:02  Marine x3  
  98  7:03  Marine  
  98  7:07  Marauder x2  
  104  7:16  Marauder  
  104  7:18  SCV x3  
  104  7:19  Missile Turret  
  104  7:20  Missile Turret  
  104  7:21  Supply Depot  
  109  7:22  Missile Turret  
  109  7:25  Terran Infantry Weapons Level 2  
  109  7:30  Terran Infantry Armor Level 2  
  109  7:36  Marauder  
  109  7:37  Marine x4, Marauder  
  113  7:41  Refinery  
  117  7:46  Barracks Tech Lab, Barracks Reactor  
  117  7:48  Barracks Reactor  
  114  8:05  Medivac x2  
  115  8:06  Marine x3, Marauder x3  
  115  8:08  Marine  
  115  8:10  SCV x3  
  128  8:15  Command Center  
  128  8:17  Marine  
  129  8:21  Supply Depot  
  129  8:22  Supply Depot  
  129  8:24  Marine x2  
  129  8:26  Supply Depot  
  131  8:27  Marauder  
  133  8:43  Marine x4, Marauder x2  
  133  8:44  Marine x5  
  133  8:49  Marauder  
  131  9:00  Marine x4  
  131  9:02  Marine x2  
  131  9:05  Marauder x2, SCV  
  131  9:06  SCV x2  
  131  9:08  Marine x3  
  132  9:10  Marauder  
  130  9:19  Marine x5, Marauder  
  137  9:26  Marauder x2  
  137  9:28  Marine x3  
  137  9:30  SCV x3  
  148  9:31  Marauder, Orbital Command  
  148  9:37  Marine x3  
  152  9:39  Sensor Tower  
  152  9:40  Marauder  
  154  9:49  Missile Turret  
  154  9:51  Supply Depot  
  146  10:00  Marine  
  146  10:01  Marine x4, Marauder x2  
  149  10:12  Marine x2, Marauder x2  
  154  10:20  Medivac  
  154  10:21  Medivac, Marine x2  
  153  10:22  Marine x2  
  153  10:23  Marauder  
  152  10:30  Marine  
  152  10:31  Marauder  
  138  10:37  Marine x2  
  138  10:38  Marine, Marauder x2  
  138  10:39  Marine  
  138  10:41  Marine x2  
  144  10:44  Marauder  
  144  10:46  Marine  
  144  10:47  SCV x2  
  144  10:48  SCV x2  
  151  10:50  Supply Depot  
  152  11:15  Supply Depot  
Tags
 
Add a new tag
Caveats
  • Supply blocks, unpowered buildings, or Contaminate may cause inaccurate times.
  • Supply counts are checked every 10 seconds.